 Dungeon Crawl Stone Soup version 0.17-a0-38-ga03b933 (webtiles) character file.

82 tepear the Skirmisher (level 4, 0/40 HPs)
             Began as a Draconian Berserker on Aug 24, 2015.
             Was an Initiate of Nemelex Xobeh.
             Slain by a polar bear (5 damage)
             ... created by the rage of Trog
             ... on level 2 of the Dungeon.
             The game lasted 00:05:03 (1555 turns).

tepear the Skirmisher (Draconian Berserker)         Turns: 1555, Time: 00:05:03

Health: 0/40       AC:  5    Str: 20    XL:     4   Next: 21%
Magic:  4/4        EV: 13    Int:  7    God:    Nemelex Xobeh [......]
Gold:   43         SH:  0    Dex: 11    Spells: 0 memorised, 3 levels left

rFire  . . .     SeeInvis .     a - +0 spear
rCold  . . .     Clarity  .     (armour unavailable)
rNeg   . . .     SustAb   .     (no shield)
rPois  .         Gourm    .     (helmet restricted)
rElec  .         Spirit   .     (no cloak)
rCorr  .         Warding  .     (no gloves)
rMut   .         Stasis   .     (no boots)
MR     .....                    (no amulet)
Stlth  +.........               (no ring)
                                (no ring)

@: not resistant to hostile enchantments, very unstealthy
A: unfitting armour, cold-blooded, AC +5
a: Renounce Religion


You were on level 2 of the Dungeon.
You worshipped Nemelex Xobeh.
Nemelex Xobeh was noncommittal.
You were not hungry.

You visited 1 branch of the dungeon, and saw 2 of its levels.

You collected 43 gold pieces.

Inventory:

Hand weapons
 a - a +0 spear (weapon)
 g - a +3 hand axe
Armour
 m - a +0 pair of boots
Jewellery
 n - an uncursed ring of ice {unknown}
Scrolls
 b - 2 scrolls of remove curse {unknown}
 c - a scroll of identify {unknown}
Potions
 e - a potion of haste {unknown}
 f - a potion of lignification {unknown}
 k - a potion of mutation {unknown}
 l - 2 potions of cure mutation {unknown}
Miscellaneous
 j - a plain deck of changes
 o - a plain deck of war
Comestibles
 d - a royal jelly
 h - 2 fruits
 i - a slice of pizza


   Skills:
 + Level 4.1 Fighting
 + Level 3.8 Polearms
 + Level 3.4 Dodging
 + Level 0.2 Stealth


You had 3 spell levels left.
You didn't know any spells.

Dungeon Overview and Level Annotations

Branches:
Dungeon (2/15)

Altars:
Nemelex Xobeh


Innate Abilities, Weirdness & Mutations

Your plain brown scales are hard (AC +5).
Your body does not fit into most forms of armour.
Your cold-blooded metabolism reacts poorly to cold.


Message History

The black bear rages.
You see here 5 gold pieces.
You hit the polar bear.
The polar bear is lightly wounded.
The polar bear bites you but does no damage.
The polar bear barely misses you.
The polar bear claws you but does no damage.
You hear an angry growl.
You hit the polar bear but do no damage.
The polar bear is lightly wounded.
The black bear barely misses you. x2
The black bear closely misses you. The polar bear barely misses you.
The polar bear claws you. x2
The black bear bites you!
* * * LOW HITPOINT WARNING * * *
The black bear claws you but does no damage. x2
You hit the black bear but do no damage.
The polar bear bites you.
You die...
Your body disappears without a glow.

## ..#..# ... .....
....### ######...#.
..... ..##.......
#..###...........
#######.....###.......
#..........##....# #.#
#..h###........# ♣.♣
#@hh)...#...##♣♣.♣
###h......##)g....
#......####†#♣♣.♣
#...##.# #.# ♣.♣
.......... #.# #.#
.......![...... ..#
........$...#.# ###
.....###### ... ..#
...


You could see a polar bear (berserk) and 3 black bears.

Vanquished Creatures
  Ijyb (D:2)
  3 adders (D:2)
  A worm (D:2)
  A giant mite (D:2)
  6 hobgoblins
  A bat (D:2)
  4 goblins
  3 jackals (D:2)
  A kobold (D:2)
  4 rats
25 creatures vanquished.

Notes
Turn   | Place    | Note
--------------------------------------------------------------
     0 | D:1      | tepear, the Draconian Berserker, began the quest for the Orb.
     0 | D:1      | Reached XP level 1. HP: 19/19 MP: 1/1
   528 | D:2      | Found a sparkling altar of Nemelex Xobeh.
   532 | D:2      | Noticed Ijyb
   537 | D:2      | Reached XP level 2. HP: 26/26 MP: 2/2
   548 | D:2      | Killed Ijyb
   557 | D:2      | Reached XP level 3. HP: 20/33 MP: 3/3
   569 | D:2      | Fell from the grace of Trog
   569 | D:2      | Became a worshipper of Nemelex Xobeh the Trickster
  1339 | D:2      | Received a gift from Nemelex Xobeh
  1355 | D:2      | Reached skill level 4 in Fighting
  1355 | D:2      | Reached XP level 4. HP: 21/40 MP: 4/4
  1547 | D:2      | Noticed a black bear
  1547 | D:2      | Noticed a polar bear
  1547 | D:2      | Noticed a black bear
  1547 | D:2      | Noticed a black bear
  1547 | D:2      | Noticed a black bear
  1555 | D:2      | Slain by a polar bear

Action                   |  1- 3 |  4- 6 || total
-------------------------+-------+-------++-------
Melee: Spear             |    73 |    13 ||    86
  Eat: Bread ration      |     1 |       ||     1
